AoeStats
← R1b7n12

Arena

509145506Analyzed
2v2 RM · 5d ago on Sep 25, 2026· 50m 59s· 4 players
Game mode
Random Map
Map size
Medium (4 player)
Population
200
Speed
Normal
Resources
Standard
Victory
Conquest
Starting age
Dark Age
Ending age
Imperial Age
RankedLock teamsTeams togetherTeam positionsShared explorationLock speedFull tech treeHidden civsTurbo modeCheats
Victory
Defeat
🇩🇪 Koreans · Germany
1072
+12
🇩🇪 Franks · Germany
896
+19
🇩🇪 Inca · Germany
1015
-17
🇩🇪 Khmer · Germany
941
-14
acac
9:25 Feudal Age
16:11 Castle Age
14:15 Double-Bit Axe
17:46 Horse Collar
18:18 Bow Saw
18:04 Stone Mining
23:09 Wheelbarrow
25:27 Hand Cart
26:15 Squires
27:15 Scale Mail Armor
30:09 Chain Mail Armor
36:16 Imperial Age
34:03 Forging
36:02 Iron Casting
35:18 Fletching
36:17 Capped Ram
38:37 Conscription
37:39 Siege Ram
40:33 Elite Kamayuk
42:06 Plate Mail Armor
42:37 Blast Furnace
49:34 Gold Mining
49:49 Heavy Plow
Stanis_Baratheon
11:52 Feudal Age
15:18 Castle Age
13:41 Double-Bit Axe
14:23 Horse Collar
14:38 Gold Mining
21:39 Heavy Plow
23:26 Husbandry
23:36 Bloodlines
24:14 Bow Saw
SuperWarrior684
9:01 Loom
11:51 Feudal Age
10:07 Loom
13:17 Double-Bit Axe
16:25 Castle Age
19:37 Wheelbarrow
19:32 Bow Saw
20:05 Town Watch
21:06 Stone Mining
22:39 Hand Cart
28:02 Town Patrol
33:19 Imperial Age
32:17 Husbandry
32:31 Forging
32:27 Scale Barding Armor
32:36 Caravan
34:04 Iron Casting
33:47 Cavalier
34:49 Chain Barding Armor
34:57 Gold Mining
35:56 Paladin
37:15 Plate Barding Armor
38:20 Blast Furnace
37:27 Chivalry
41:48 Murder Holes
45:17 Gold Shaft Mining
R1b7n12
11:38 Feudal Age
15:40 Castle Age
13:57 Double-Bit Axe
14:31 Gold Mining
15:53 Loom
16:29 Scale Mail Armor
16:40 Forging
16:45 Bow Saw
17:33 Scale Mail Armor
17:44 Forging
18:13 Horse Collar
20:57 Gold Shaft Mining
23:43 Chain Mail Armor
24:02 Squires
24:51 Forging
27:10 Heavy Plow
30:22 Arson
31:14 Iron Casting
32:40 Wheelbarrow
34:53 Fletching
38:49 Imperial Age
36:39 Hand Cart
38:10 Bodkin Arrow
38:53 Crossbowman
39:38 Thumb Ring
40:11 Bracer
39:55 Pikeman
42:05 Arbalester
46:21 Chemistry
45:42 Ballistics
45:11 Heavy Rocket Cart
45:59 Halberdier
46:49 Scale Barding Armor
47:17 Plate Mail Armor
Connection lost

Rejoining the realm…

Still unreachable

The connection could not be restored.

Session expired

The server has moved on; the page needs a fresh start.